 Dungeon Crawl Stone Soup version 0.29-a0-1019-g84f7d21838 (console) character file.

Game seed: 16340902644102773982

42967 odiv the Martial Artist (level 13, -7/103 HPs)
             Began as a Demonspawn Hedge Wizard on Aug 11, 2022.
             Was an Elder of Ashenzari.
             Mangled by a caustic shrike simulacrum (17 damage)
             ... in an ice cave.
             The game lasted 02:37:28 (25581 turns).

odiv the Martial Artist (Demonspawn Hedge Wizard)  Turns: 25581, Time: 02:37:28

Health: -7/103     AC: 10    Str: 11    XL:     13   Next: 88%
Magic:  23/23      EV: 20    Int: 22    God:    Ashenzari [****..]
Gold:   711        SH:  0    Dex: 13    Spells: 4/25 levels left

rFire   + . .      SeeInvis +     - Unarmed
rCold   + + .      Faith    .   (shield currently unavailable)
rNeg    . . .      Spirit   .   Z - +2 robe of the Esoteric Visionary {rC+ rF+, Alch, Melee} (curse)
rPois   .          Reflect  .   r - +2 hat "Tethered Mistrust" {Melee, Alch} (curse)
rElec   .          Harm     .   T - +0 cloak of Curses and Power {Alch, Self} (curse)
rCorr   .          Rampage  +   (gloves currently unavailable)
Will    .....      Clarity  +   k - +0 pair of boots of Toth-Mos's Legacy {Alch, Melee} (curse)
Stlth   ++........              G - amulet "Tyobid" {RegenMP Rampage Int+2}
HPRegen 0.27/turn               N - ring of protection from cold
MPRegen 0.58/turn               Q - ring "Mutualism of Ashenzari" {EV+4, Elem, Evo} (curse)

@: blade hands, slowed, very slow
A: claws 2, molten scales 1, foul stench 2, spiny 1
a: End Transformation, Renounce Religion, Curse Item, Shatter the Chains


You were in an ice cave.
You worshipped Ashenzari.
Ashenzari was greatly pleased with you.
You had blades for hands.
You visited 4 branches of the dungeon, and saw 21 of its levels.
You also visited: Ossuary, Bailey and Ice Cave.

You collected 1839 gold pieces.
You spent 1128 gold pieces at shops.

Inventory:

Hand Weapons
 m - a +1 dagger of electrocution
 x - a +2 dagger of draining
 R - a +0 scimitar of flaming (melded)
Missiles
 n - 7 curare-tipped darts
 s - 59 poisoned darts
 t - 10 atropa-tipped darts
 y - 3 throwing nets
 L - 16 boomerangs (quivered)
Armour
 i - the cursed +0 buckler "Bound Desperation" (melded) {Melee, Bglg}
   (You found it on level 1 of the Dungeon)

   It has a curse which improves the following skills: Melee Combat: Short
   Blades, Long Blades, Axes, Maces & Flails, Polearms, Staves and Unarmed
   Combat.
   Beguiling: Conjurations, Hexes and Translocations.
 k - the cursed +0 pair of boots of Toth-Mos's Legacy (worn) {Alch, Melee}
   (You found it on level 1 of the Dungeon)

   It has a curse which improves the following skills: Alchemy: Poison Magic and
   Transmutations.
   Melee Combat: Short Blades, Long Blades, Axes, Maces & Flails, Polearms,
   Staves and Unarmed Combat.
 r - the cursed +2 hat "Tethered Mistrust" (worn) {Melee, Alch}
   (You found it on level 2 of the Dungeon)

   It has a curse which improves the following skills: Melee Combat: Short
   Blades, Long Blades, Axes, Maces & Flails, Polearms, Staves and Unarmed
   Combat.
   Alchemy:   Poison Magic and Transmutations.
 T - the cursed +0 cloak of Curses and Power (worn) {Alch, Self}
   (You took it off Crazy Yiuf on level 3 of the Dungeon)

   It has a curse which improves the following skills: Alchemy: Poison Magic and
   Transmutations.
   Introspection: Fighting and Spellcasting.
 Y - a +0 pair of gloves (melded)
 Z - the cursed +2 robe of the Esoteric Visionary (worn) {rC+ rF+, Alch, Melee}
   (You took it off Erica on level 11 of the Dungeon)

   It has a curse which improves the following skills: Alchemy: Poison Magic and
   Transmutations.
   Melee Combat: Short Blades, Long Blades, Axes, Maces & Flails, Polearms,
   Staves and Unarmed Combat.
Jewellery
 B - the ring "Musaguc" {Fire rElec Will+ Str+4 Dex+2}
   (You found it on level 13 of the Dungeon)

   [ring of fire]

   It enhances your fire magic.
   Str:       It affects your strength (+4).
   Dex:       It affects your dexterity (+2).
   rF:        It protects you from fire.
   rC:        It makes you vulnerable to cold.
   rElec:     It insulates you from electricity.
   Will:      It increases your willpower.
 E - a ring of resist corrosion
 F - a +4 ring of protection
 G - the amulet "Tyobid" (around neck) {RegenMP Rampage Int+2}
   (You found it on level 7 of the Dungeon)

   [amulet of magic regeneration]

   It increases your rate of magic regeneration.
   Int:       It affects your intelligence (+2).
   Rampage:   It bestows one free step when moving towards enemies.
 N - a ring of protection from cold (left blade hand)
 O - a ring of positive energy
 Q - the cursed ring "Mutualism of Ashenzari" (right blade hand) {EV+4, Elem, Evo}
   (You bought it in a shop on level 8 of the Dungeon)

   [ring of evasion]

   EV:        It affects your evasion (+4).
   It has a curse which improves the following skills: Elements: Fire Magic, Ice
   Magic, Air Magic and Earth Magic.
   Evocations: Evocations.
Wands
 o - a wand of mindburst (11)
 I - a wand of light (3)
 U - a wand of roots (1)
Scrolls
 f - 5 scrolls of amnesia
 g - 3 scrolls of fear
 h - 4 scrolls of teleportation
 p - 4 scrolls of butterflies
 A - 3 scrolls of silence
 K - 2 scrolls of acquirement
Potions
 d - 2 potions of magic
 j - 4 potions of curing
 w - a potion of resistance
 z - 8 potions of flight
 C - 5 potions of haste
 M - 3 potions of might
 W - a potion of brilliance
Miscellaneous
 S - a phial of floods (inert)


   Skills:
 - Level 8.0(10.0) Fighting
 - Level 2.0(4.8) Polearms
 + Level 9.0 Dodging
 + Level 2.7 Stealth
 - Level 5.0 Shields
 - Level 14.1(17.9) Unarmed Combat
 - Level 5.0(6.9) Spellcasting
 - Level 3.0 Conjurations
 - Level 2.0 Hexes
 - Level 1.0 Summonings
 - Level 0.8 Translocations
 + Level 9.7(14.4) Transmutations
 - Level 2.6(4.2) Ice Magic
 + Level 1.5(2.9) Earth Magic
 - Level 3.0(6.9) Poison Magic


You had 4 spell levels left.
You knew the following spells:

 Your Spells              Type           Power      Damage    Failure   Level
a - Magic Dart            Conj           80%        1d7       24%         1
b - Blink                 Tloc           22%        N/A       43%         2
c - Call Imp              Summ           12%        N/A       43%         2
d - Slow                  Hex            64%        N/A       28%         1
e - Mephitic Cloud        Conj/Pois/Air  22%        N/A       36%         3
f - Spider Form           Tmut/Pois      53%        N/A       10%         3
g - Blade Hands           Tmut           31%        N/A       13%         5
i - Ice Form              Ice/Tmut       48%        N/A       21%         4

Your spell library contained the following spells:

 Spells                   Type           Power      Damage    Failure   Level
 Beastly Appendage        Tmut           100%       N/A       4%          1
 Wereblood                Tmut           63%        N/A       4%          2
 Passwall                 Tmut/Erth      37%        N/A       11%         2
 Ignite Poison            Fire/Tmut/Pois 39%        N/A       17%         3
 Poisonous Vapours        Pois/Air       46%        N/A       26%         2
 Ensorcelled Hibernation  Hex/Ice        42%        N/A       28%         2
 Frozen Ramparts          Ice            52%        1d8       30%         3
 Ozocubu's Armour         Ice            26%        N/A       30%         3
 Summon Small Mammal      Summ           48%        N/A       34%         1
 Static Discharge         Conj/Air       14%        3-5/arc   36%         2
 Tukima's Dance           Hex            16%        N/A       47%         3
 Conjure Flame            Conj/Fire      14%        6-21      52%         3
 Portal Projectile        Hex/Tloc       26%        N/A       54%         3
 Summon Guardian Golem    Hex/Summ       14%        N/A       54%         3
 Inner Flame              Hex/Fire       12%        N/A       56%         3
 Call Canine Familiar     Summ           12%        N/A       58%         3
 Swiftness                Air            8%         N/A       65%         3
 Summon Ice Beast         Ice/Summ       19%        N/A       71%         4
 Corpse Rot               Necr/Pois/Air  18%        N/A       73%         4
 Leda's Liquefaction      Hex/Erth       9%         N/A       73%         4
 Cause Fear               Hex            8%         N/A       78%         4
 Sticky Flame             Conj/Fire      14%        2d4       80%         4
 Anguish                  Hex/Necr       6%         N/A       87%         4
 Dispel Undead            Necr           7%         3d8       93%         4
 Dragon Form              Tmut           31%        N/A       61%         7
 Statue Form              Tmut/Erth      30%        N/A       77%         6
 Metabolic Englaciation   Hex/Ice        10%        N/A       89%         5
 Iskenderun's Battlesphe  Conj           20%        2d7       90%         5
 Lee's Rapid Deconstruct  Erth           10%        3d9*      90%         5
 Freezing Cloud           Conj/Ice/Air   9%         6-21      93%         5
 Fireball                 Conj/Fire      7%         3d5       97%         5
 Conjure Ball Lightning   Conj/Air       7%         3x3d6     100%        6
 Simulacrum               Ice/Necr       8%         N/A       100%        6
 Orb of Destruction       Conj           10%        9d6       100%        7
 Discord                  Hex            8%         N/A       100%        8
 Dragon's Call            Summ           6%         N/A       100%        9


Dungeon Overview and Level Annotations

Branches:
Dungeon (14/15)            Temple (0/1) D:6            Lair (4/5) D:10
 Shoals (1/4) Lair:3        Snake (0/4) Lair:3          Orc (2/2) D:11
 Vaults (0/5) D:13        Ossuary (visited)          Bailey (visited)
  IceCv (1/1)
  Slime: Lair:4-5       Elf: Orc:2

Altars:
Ashenzari
Dithmenos
Gozag
Hepliaklqana
Kikubaaqudgha
Qazlal
Ru
Trog
Uskayaw
Xom

Shops:
D:4 [   D:5 (   D:8 =   D:9 !

Portals:
Trove: D:10 (give +5 demon trident)

Annotations:
D:9 exclusion: hornet
D:11 exclusion: downstairs
D:13 exclusions: 3 doors and freezing wraith, Frances
Lair:1 exclusion: downstairs
Lair:2 exclusions: electric eel and 3 more exclusions
Lair:3 Urug IceCv exclusion: obsidian statue


Innate Abilities, Weirdness & Mutations

You have blades for hands.
Your spellcasting is less reliable in this form.
You are incapable of wielding weapons or throwing items.
You have very sharp fingernails.
You are partially covered in molten scales. (AC +2)
You sometimes emit foul miasma when damaged in melee.
You are partially covered in sharp spines.


Message History

The freezing wraith barely misses you. The freezing wraith hits you.
The freezing wraith drains your vigour!
You feel yourself slow down.
You slash the freezing wraith!
The freezing wraith is moderately damaged.
The freezing wraith hits you. The freezing wraith freezes you. You resist.
The freezing wraith closely misses you.
You slash the freezing wraith!
The freezing wraith is heavily damaged.
The freezing wraith barely misses you. The freezing wraith closely misses you.
You barely miss the freezing wraith.
The freezing wraith is heavily damaged.
The freezing wraith is struck by your spines.
The freezing wraith hits you! The freezing wraith freezes you. You resist.
You emit a cloud of foul miasma!
The freezing wraith hits you but does no damage.
You barely miss the freezing wraith.
The freezing wraith is almost destroyed.
The freezing wraith hits you. The freezing wraith freezes you! You resist.
The freezing wraith completely misses you.
You slash the freezing wraith!
You destroy the freezing wraith!
The caustic shrike simulacrum is struck by your spines.
The caustic shrike simulacrum barely misses you.
Your Dodging skill increases to level 9!
You hit the caustic shrike simulacrum but do no damage.
The caustic shrike simulacrum is lightly damaged.
The caustic shrike simulacrum closely misses you.
The caustic shrike simulacrum misses you.
You hit the caustic shrike simulacrum.
The caustic shrike simulacrum is lightly damaged.
The caustic shrike simulacrum claws you!
The caustic shrike simulacrum freezes you!
You resist.
* * * LOW HITPOINT WARNING * * *
The caustic shrike simulacrum is struck by your spines.
The caustic shrike simulacrum claws you!
* * * LOW HITPOINT WARNING * * *
The caustic shrike simulacrum freezes you!
You resist.
You die...

.W## ##........#
*...## .WZ##*
**##8........# ...##
{#W.## [(.........
*#...# ##...#
*[?........ * ##.Z.#
#.{.## * #..Z.W..*
#..§## ....# #...###
##.ZW## ..{#########
###..### ##.....#
.{#####.##########..##
#...∩...
.#####....#####.@#...#
#.......
##.#...##....#...Zn###
##..∩..#
..W..######....######
##...##
.##.#################
##### ###### ######


You could see a bog body and a caustic shrike simulacrum.

Vanquished Creatures
  Snorg (D:10)
  3 boulder beetles
  An ogre mage (D:11)
  3 hydras
  9 two-headed ogres
  Erica (D:11)
  2 centaur warriors
  A bog body (IceCv)
  A spriggan simulacrum (IceCv)
  Pikel (D:5)
  2 deep elf pyromancers
  An orc sorcerer (Orc:1)
  3 ugly things
  4 cyclopes
  A manticore (Shoals:1)
  2 black mambas
  Maggie (D:7)
  A torpor snail (Lair:2)
  4 cane toads
  A rime drake (Lair:2)
  An unseen horror (D:12)
  3 komodo dragons
  2 kobold demonologists (D:12)
  A freezing wraith (IceCv)
  An anaconda simulacrum (IceCv)
  2 guardian mummies (D:10)
  4 trolls
  6 blink frogs
  7 slime creatures
  3 dream sheep (Lair:2)
  30 yaks
  A shadow (D:11)
  4 wyverns
  2 vampires
  Sigmund (D:2)
  A wraith (D:11)
  Grum (D:10)
  6 basilisks
  A hog (shapeshifter) (D:13)
  3 vampire mosquitoes (D:12)
  2 steam dragons
  16 water moccasins
  17 orc warriors
  2 ice beasts (D:6)
  6 black bears
  A sky beast (D:8)
  9 ogres
  6 wolves
  6 centaurs
  A lemure (D:5)
  A phantom (D:3)
  5 kobold brigands
  2 necrophages
  8 bullfrogs
  A gnoll sergeant (D:7)
  3 water moccasin zombies (Ossuary)
  5 scorpions
  2 wights
  A lindwurm simulacrum (IceCv)
  2 howler monkeys
  2 jellies
  Crazy Yiuf (D:3)
  A centaur zombie (Ossuary)
  6 orc priests
  4 hounds
  5 iguanas
  A gnoll bouda (D:6)
  Jessica (D:2)
  13 orc wizards
  4 scorpion zombies (Ossuary)
  5 hell rats (Lair:2)
  An ogre zombie (Ossuary)
  4 adders
  14 gnolls
  A white imp (D:4)
  4 ufetubi (D:6)
  2 adder zombies (Ossuary)
  3 worms
  3 dart slugs
  40 orcs
  5 ball pythons
  3 bats
  9 endoplasms
  A giant cockroach (D:2)
  3 gnoll zombies (Ossuary)
  8 goblins
  8 hobgoblins
  6 jackals (D:3)
  7 quokkas
  5 frilled lizards
  A goblin zombie (Ossuary)
  32 kobolds
  7 orc zombies (Ossuary)
  8 rats
437 creatures vanquished.

Vanquished Creatures (collateral kills)
  An ogre (D:7)
1 creature vanquished.

Vanquished Creatures (others)
  35 fungi
  70 plants
105 creatures vanquished.

Grand Total: 543 creatures vanquished

Notes
Turn   | Place    | Note
-------+----------+-------------------------------------------
     0 | D:1      | odiv the Demonspawn Hedge Wizard began the quest for the
                  | Orb.
     0 | D:1      | Reached XP level 1. HP: 13/13 MP: 4/4
   263 | D:1      | Gained mutation: You may rarely emit foul miasma when
                  | damaged in melee. [demonic ancestry]
   263 | D:1      | Reached XP level 2. HP: 19/19 MP: 1/6
   836 | D:2      | Noticed Jessica
  1170 | D:2      | Reached skill level 1 in Shields
  1288 | D:2      | Gained mutation: You are partially covered in sharp spines.
                  | [demonic ancestry]
  1288 | D:2      | Reached XP level 3. HP: 16/24 MP: 6/8
  1402 | D:2      | Killed Jessica
  1557 | D:2      | Found a broken altar of Ashenzari.
  1583 | D:2      | Became a worshipper of Ashenzari the Shackled
  1942 | D:2      | Gained mutation: You are partially covered in molten
                  | scales. (AC +2) [demonic ancestry]
  1942 | D:2      | Reached XP level 4. HP: 30/30 MP: 7/10
  2139 | D:2      | Noticed Sigmund
  2331 | D:3      | Noticed a phantom
  2562 | D:2      | Learned a level 2 spell: Blink
  2565 | D:2      | Learned a level 2 spell: Call Imp
  2575 | D:2      | Learned a level 1 spell: Slow
  2720 | D:2      | Learned a level 3 spell: Mephitic Cloud
  2921 | D:2      | Reached XP level 5. HP: 35/35 MP: 8/11
  2966 | D:3      | Reached skill level 1 in Polearms
  2966 | D:3      | Reached skill level 1 in Hexes
  2966 | D:3      | Reached skill level 1 in Poison Magic
  3175 | D:3      | Learned a level 3 spell: Spider Form
  3331 | D:3      | Found a faded altar of an unknown god.
  3464 | D:3      | Gained mutation: You have sharp fingernails. [demonic
                  | ancestry]
  3464 | D:3      | Reached XP level 6. HP: 30/41 MP: 9/12
  3921 | D:3      | HP: 2/41 [orc priest/+0 mace (6)]
  3925 | D:3      | Reached skill level 1 in Transmutations
  4272 | D:3      | Found a runed translucent door.
  4273 | D:3      | Noticed Crazy Yiuf
  4343 | D:4      | Found Feocuhoo's Armour Emporium.
  4807 | D:3      | Reached * piety under Ashenzari
  4887 | D:4      | Found a bloodstained altar of Trog.
  4887 | D:4      | Found a faded altar of an unknown god.
  4894 | D:4      | Found a faded altar of an unknown god.
  4896 | D:4      | Found a hazy altar of Hepliaklqana.
  4897 | D:4      | Found a broken altar of Ashenzari.
  5008 | D:4      | Gained mutation: You sometimes emit foul miasma when
                  | damaged in melee. [demonic ancestry]
  5008 | D:4      | Reached XP level 7. HP: 47/47 MP: 5/13
  5100 | D:5      | Entered Level 5 of the Dungeon
  5100 | D:5      | Found a shimmering altar of Xom.
  5102 | D:5      | Found a shimmering altar of Xom.
  5104 | D:5      | Found a shimmering altar of Xom.
  5104 | D:5      | Found a shimmering altar of Xom.
  5104 | D:5      | Found a shimmering altar of Xom.
  5108 | D:5      | Found a shimmering altar of Xom.
  5108 | D:5      | Found a shimmering altar of Xom.
  5131 | D:5      | Found an opulent altar of Gozag.
  5171 | D:5      | Reached skill level 1 in Fighting
  5317 | D:5      | Found Fauch's Weapon Boutique.
  5404 | D:6      | Found a staircase to the Ecumenical Temple.
  5569 | D:6      | Noticed a two-headed ogre
  5625 | D:6      | Identified the +4 ring mail of Gunuow {rElec Int+2}
  5813 | D:5      | Noticed Pikel
  5834 | D:5      | Killed Pikel
  5835 | D:5      | Reached skill level 5 in Shields
  5835 | D:5      | Reached skill level 5 in Spellcasting
  5835 | D:5      | Reached XP level 8. HP: 46/58 MP: 15/15
  6042 | D:5      | Found a sacrificial altar of Ru.
  6585 | D:6      | Found a stormy altar of Qazlal.
  6693 | D:6      | Reached skill level 5 in Fighting
  6922 | D:5      | Reached skill level 5 in Transmutations
  6922 | D:5      | Reached XP level 9. HP: 55/68 MP: 13/16
  7363 | D:6      | Noticed a cyclops
  7434 | D:7      | Noticed Maggie
  7717 | D:7      | Reached skill level 1 in Unarmed Combat
  7747 | D:7      | Found a large runed translucent door.
  7749 | D:7      | Found a large runed translucent door.
  7788 | D:7      | Found a sand-covered staircase.
  7795 | Ossuary  | Entered an ossuary
  8213 | Ossuary  | Reached skill level 2 in Unarmed Combat
  8695 | Ossuary  | Noticed a silent spectre
  8781 | D:7      | Killed Maggie
  8782 | D:7      | Reached skill level 3 in Unarmed Combat
  8923 | D:7      | Reached XP level 10. HP: 72/79 MP: 15/17
  9567 | D:7      | Identified the amulet "Tyobid" {RegenMP Rampage Int+2}
  9726 | D:7      | Found a hide-covered altar of Uskayaw.
  9747 | D:7      | Reached skill level 4 in Unarmed Combat
  9995 | D:6      | Noticed a cyclops
 10051 | D:6      | Killed a cyclops
 10206 | D:6      | Learned a level 5 spell: Blade Hands
 10319 | D:6      | Killed a cyclops
 10320 | D:6      | Reached skill level 5 in Unarmed Combat
 10356 | D:6      | Identified the cursed +0 buckler "Bound Desperation"
                  | {Melee, Bglg} (You found it on level 1 of the Dungeon)
 10423 | D:6      | Killed a two-headed ogre
 11158 | D:8      | Reached skill level 6 in Unarmed Combat
 11454 | D:8      | Found Ifenn's Jewellery Emporium.
 11683 | D:8      | Identified the +12 dagger of Laerhom {holy, rCorr Int+5
                  | Stlth-}
 11798 | D:9      | Noticed a cyclops
 11823 | D:9      | Killed a cyclops
 11824 | D:9      | Reached skill level 7 in Unarmed Combat
 11841 | D:9      | Noticed a two-headed ogre
 11865 | D:9      | Noticed a two-headed ogre
 11880 | D:9      | Killed a two-headed ogre
 11884 | D:9      | Gained mutation: You have very sharp fingernails. [demonic
                  | ancestry]
 11884 | D:9      | Reached XP level 11. HP: 59/84 MP: 15/18
 12132 | D:9      | Found an ancient bone altar of Kikubaaqudgha.
 12168 | D:8      | Bought a +4 ring of evasion for 540 gold pieces
 12227 | D:9      | Noticed a two-headed ogre
 12233 | D:10     | Entered Level 10 of the Dungeon
 12263 | D:10     | Reached skill level 8 in Unarmed Combat
 12264 | D:10     | Found a staircase to the Lair.
 12295 | D:10     | Noticed Snorg
 12306 | D:10     | Noticed Grum
 12309 | D:10     | Killed Snorg
 12338 | D:10     | Killed Grum
 12365 | D:10     | Reached skill level 9 in Unarmed Combat
 12390 | D:10     | Noticed a two-headed ogre
 12398 | D:10     | Killed a two-headed ogre
 12428 | D:10     | Found a flagged portal.
 12468 | Bailey   | Entered a bailey
 12684 | Bailey   | Identified the +4 glaive of the Glowing Ancients {vamp, Fly
                  | rElec rPois rC+}
 13003 | D:10     | Found a shadowy altar of Dithmenos.
 13462 | D:10     | Reached skill level 10 in Unarmed Combat
 13470 | D:10     | Found a portal to a secret trove of treasure.
 13599 | D:11     | Found a staircase to the Orcish Mines.
 13663 | Lair:1   | Entered Level 1 of the Lair of Beasts
 13893 | Lair:1   | Reached skill level 11 in Unarmed Combat
 14237 | Lair:1   | Noticed an eight-headed hydra
 14451 | Lair:2   | Noticed a five-headed hydra
 14711 | Lair:2   | Reached XP level 12. HP: 79/91 MP: 19/19
 14897 | Lair:2   | Noticed a four-headed hydra
 14909 | Lair:2   | Killed a four-headed hydra
 14927 | Lair:2   | Killed a five-headed hydra
 14928 | Lair:2   | Reached skill level 12 in Unarmed Combat
 15788 | Lair:3   | Found a staircase to the Snake Pit.
 15937 | Lair:3   | Reached skill level 13 in Unarmed Combat
 16162 | Lair:3   | Found a staircase to the Shoals.
 16162 | Lair:3   | Noticed a boulder beetle
 16212 | Lair:3   | Killed a boulder beetle
 16408 | Lair:3   | Noticed a seven-headed hydra
 16695 | D:11     | Noticed a two-headed ogre
 16695 | D:11     | Noticed a boulder beetle
 16722 | D:11     | Noticed a boulder beetle
 16722 | D:11     | Identified the +4 battleaxe "Joazxune" {flame, Will+}
 16893 | D:11     | Noticed Erica
 16918 | Orc:1    | Entered Level 1 of the Orcish Mines
 17234 | D:10     | Killed a boulder beetle
 17511 | D:11     | Killed a two-headed ogre
 17549 | D:11     | Noticed an ogre mage
 17556 | D:11     | Noticed a two-headed ogre
 17560 | D:11     | Noticed a two-headed ogre
 17561 | D:11     | Noticed a two-headed ogre
 17572 | D:10     | Killed a two-headed ogre
 17646 | D:11     | Killed an ogre mage
 17647 | D:11     | Reached skill level 14 in Unarmed Combat
 17647 | D:11     | Killed a two-headed ogre
 17666 | D:10     | Killed a boulder beetle
 18452 | D:12     | Noticed a centaur warrior
 18459 | D:12     | Killed a centaur warrior
 18460 | D:12     | Reached XP level 13. HP: 73/98 MP: 15/20
 18487 | D:11     | Reached skill level 5 in Dodging
 18566 | D:11     | Killed Erica
 18713 | D:11     | Identified 2 scrolls of acquirement
 19402 | D:4      | Reached ** piety under Ashenzari
 20009 | D:2      | Killed Sigmund
 20056 | D:3      | Killed Crazy Yiuf
 20429 | D:9      | Found Pinafovu's Distillery.
 20440 | D:9      | Bought a potion of heal wounds for 70 gold pieces
 20440 | D:9      | Bought a potion of might for 56 gold pieces
 20440 | D:9      | Bought a potion of haste for 140 gold pieces
 20440 | D:9      | Bought a potion of haste for 140 gold pieces
 20440 | D:9      | Bought a potion of curing for 42 gold pieces
 20440 | D:9      | Bought a potion of haste for 140 gold pieces
 20462 | D:9      | Identified the +11 quarterstaff of Nuluomup {vorpal, rC++}
 20789 | Lair:1   | Identified the +1 robe "Har Gom" {rElec MP-9 Int+6}
 21878 | Lair:3   | Learned a level 4 spell: Ice Form
 22098 | Lair:3   | Noticed Urug
 22626 | D:11     | Reached skill level 1 in Ice Magic
 22701 | Orc:2    | Entered Level 2 of the Orcish Mines
 22704 | Orc:2    | Noticed an orc warlord
 22800 | Orc:1    | Noticed an orc warlord
 23117 | Shoals:1 | Entered Level 1 of the Shoals
 23791 | D:12     | Reached *** piety under Ashenzari
 24336 | D:13     | Reached **** piety under Ashenzari
 24459 | D:13     | Noticed an ettin
 24459 | D:13     | Noticed a fire dragon
 24503 | D:13     | Identified the ring "Musaguc" {Fire rElec Will+ Str+4
                  | Dex+2}
 24674 | D:13     | Reached skill level 1 in Earth Magic
 24771 | D:13     | Noticed Frances
 24876 | D:13     | Found a gate to the Vaults.
 24947 | D:14     | Found a frozen archway.
 24964 | IceCv    | Entered an ice cave
 24991 | IceCv    | Noticed a lich
 25052 | IceCv    | Identified the cursed +0 cloak of Curses and Power {Alch,
                  | Self} (You took it off Crazy Yiuf on level 3 of the
                  | Dungeon)
 25052 | IceCv    | Identified the cursed +2 hat "Tethered Mistrust" {Melee,
                  | Alch} (You found it on level 2 of the Dungeon)
 25052 | IceCv    | Identified the cursed +0 pair of boots of Toth-Mos's Legacy
                  | {Alch, Melee} (You found it on level 1 of the Dungeon)
 25052 | IceCv    | Identified the cursed +2 robe of the Esoteric Visionary
                  | {rC+ rF+, Alch, Melee} (You took it off Erica on level 11
                  | of the Dungeon)
 25566 | IceCv    | Identified the +4 pair of gloves of the Loofah {rF+}
 25581 | IceCv    | Mangled by a caustic shrike simulacrum

Illustrated notes

Levels and vault maps discovered:
D:1:      minmay_arrival_four_loops, layout_rooms, minmay_misc_feat_hallway
D:2:      layout_basic, basic_altar, st_stairs_13, uniq_jessica, uniq_sigmund
D:3:      layout_rooms, hellmonk_ecumenical_altar_inner_sanctum,
          dreamdust_wishing_well, uniq_crazy_yiuf_cottage
D:4:      layout_rooms, chequers_temple_overflow_minitemple, serial_shops, shop,
          minivault_19
D:5:      layout_cave_pools, nicolae_xom_altar_mimics,
          mainiacjoe_overflow_catwalk, mainiacjoe_overflow_boulevard,
          serial_shops, shop, uniq_pikel
D:6:      cheibrodos_fzero, layout_cave_pods, old_standard_altar,
          minmay_temple_entry_from_below_a
D:7:      layout_gridville, jmf_multi_god_temple2, chequers_ossuary_entry_cave,
          st_stairs_5, uniq_maggie
D:8:      layout_basic, nicolae_take_the_stairs
D:9:      layout_small_grid, mainiacjoe_overflow_tiny_flanked,
          nicolae_kikubaaqudgha_miasma_corner, serial_shops, nicolae_shop_stone
D:10:     layout_roguey, kennysheep_little_box,
          mainiacjoe_overflow_small_starburst, due_lair_maze_entry_diamond,
          nicolae_trove_entry_path_of_doom, enter_bailey_8,
          chequers_serial_rivers_micro_e, uniq_grum, uniq_snorg
D:11:     layout_cave_pools, orc_0_dummy, uniq_erica
D:12:     layout_irregular_city, kennysheep_generic_room_15
D:13:     layout_roguey, david_vaults_4, serial_curves, eino_curves_03,
          eino_curves_01, hex_tiny, minmay_misc_feat_pillars, uniq_frances
D:14:     layout_cave_pools, portal_ice_cave_entry_pillars_four,
          kennysheep_pointless_box, minivault_7
Lair:1:   layout_cave_shapes, lemuel_fruit_tree
Lair:2:   dragon1_lemuel, layout_loops_ring
Lair:3:   layout_roguey, minmay_shoals_entry_centaurs,
          minmay_snake_entry_six_corridors, uniq_urug
Lair:4:   layout_loops_ring, chequers_serial_rivers_large_a,
          hangedman_lair_unloving_vines, infiniplex_staircase_pool
Shoals:1: layout_shoals, gammafunk_ghost_arena, st_sunken_temple
Orc:1:    layout_caves
Orc:2:    st_orc_mages, layout_diamond_mine, serial_shops, nicolae_shop_crystal,
          uniq_maurice
IceCv:    ice_cave_small_necro

Skill      XL: |  1  2  3  4  5  6  7  8  9 10 11 12 13 |
---------------+----------------------------------------+-----
Shields        | 1 2 3 5 |  5.0
Spellcasting   | 4 5 |  5.0
Polearms       | 1 2 |  2.0
Hexes          | 1 2 |  2.0
Poison Magic   | 1 2 3 |  3.0
Transmutations | 1 3 5 7 8 9 |  9.7
Fighting       | 3 5 7 8 |  8.0
Unarmed Combat | 3 7 11 14 | 14.1
Conjurations   | 3 |  3.0
Dodging        | 4 9 |  9.0
Ice Magic      | 2 |  2.6
Stealth        | 2 |  2.7
Earth Magic    | 1 |  1.5
Summonings     | |  1.0
Translocations | |  0.8

Action                   |  1- 3 |  4- 6 |  7- 9 | 10-12 | 13-15 || total
-------------------------+-------+-------+-------+-------+-------++-------
Melee: Spear             |    32 |   168 |   256 |   142 |    12 ||   610
       Dagger            |       |       |    48 |    31 |       ||    79
       Unarmed           |       |       |       |   344 |   201 ||   545
       Punch             |       |       |       |    27 |    26 ||    53
       Whip              |       |       |       |     2 |       ||     2
       Scimitar          |       |       |       |       |    10 ||    10
Throw: Stone             |     5 |       |    14 |     3 |       ||    22
       Dart              |       |       |     8 |    12 |     3 ||    23
       Boomerang         |       |       |       |       |     5 ||     5
 Cast: Magic Dart        |    71 |    79 |   115 |    65 |     7 ||   337
       Slow              |       |     8 |    36 |    12 |     3 ||    59
       Blink             |       |       |     5 |     1 |     1 ||     7
       Mephitic Cloud    |       |       |     2 |    27 |    12 ||    41
       Call Imp          |       |       |     1 |     4 |     1 ||     6
       Blade Hands       |       |       |       |    57 |    36 ||    93
       Ice Form          |       |       |       |       |     2 ||     2
Invok: Curse Item        |       |     2 |       |       |     4 ||     6
Evoke: Wand              |       |     3 |     5 |     5 |     5 ||    18
       Phial of floods   |       |       |       |     1 |     1 ||     2
  Use: Scroll            |       |     1 |     2 |     2 |     5 ||    10
       Potion            |       |     2 |     2 |     3 |     6 ||    13
 Stab: Sleeping          |     1 |       |     1 |       |       ||     2
       Paralysed         |       |     2 |     6 |       |       ||     8
       Confused          |       |       |     2 |    11 |     5 ||    18
       Distracted        |       |       |       |       |     1 ||     1
Armor: Robe              |     9 |    37 |    45 |       |    69 ||   160
       Steam dragon scal |       |       |    60 |   146 |       ||   206
       Skin              |       |       |       |       |    18 ||    18
Dodge: Dodged            |    22 |    69 |   130 |   293 |   216 ||   730
Block: Buckler           |       |     1 |    53 |    40 |    24 ||   118

Table legend: (Time is in decaauts)
 A = Elapsed time spent in this place.
 B = Non-inter-level travel time spent in this place.
 C = Inter-level travel time spent in this place.
 D = Time resting spent in this place.
 E = Time spent auto-exploring this place.
 F = Levels seen in this place.
 G = Mean time per level.
                   A        B        C        D        E       F      G
               +--------+--------+--------+--------+--------+-----+--------+
         Total |  25482 |  22864 |   2618 |   7337 |   7947 |  24 | 1061.8 |
       Dungeon |  17951 |  15876 |   2075 |   4659 |   5557 |  14 | 1282.2 |
          Lair |   5172 |   4647 |    525 |   1509 |   2101 |   4 | 1293.0 |
        Shoals |     13 |     13 |      0 |      0 |      0 |   1 |   13.0 |
  Orcish Mines |    455 |    438 |     17 |    151 |    118 |   2 |  227.5 |
       Ossuary |    950 |    950 |      0 |    535 |      0 |   1 |  950.0 |
        Bailey |    338 |    338 |      0 |      0 |    171 |   1 |  338.0 |
      Ice Cave |    601 |    601 |      0 |    482 |      0 |   1 |  601.0 |
               +--------+--------+--------+--------+--------+-----+--------+

Top non-repeatable levels by time:
     D:6: 2243 daAuts
    D:10: 2100 daAuts
  Lair:2: 2042 daAuts
     D:3: 1935 daAuts
     D:2: 1909 daAuts
  Lair:3: 1650 daAuts
     D:7: 1461 daAuts
     D:5: 1440 daAuts
    D:11: 1432 daAuts
  Lair:1: 1306 daAuts
     D:1: 1285 daAuts
 Ossuary: 950 daAuts
    D:12: 914 daAuts
     D:9: 877 daAuts
     D:4: 860 daAuts
